Map: Scalo orbitale

Players

killercake

  • Race: Terran Terran
  • League: Diamond

Mandro - Winner!

  • Race: Zerg Zerg
  • League: Platinum

VOD

Have the link to the VOD?

Description

pls don't talk about my little fail with drones in early ^^

Time

  • Played on: Jan. 19, 2016, 12:09 p.m.
  • Length: 27:04
Show
View Real Time Build Order
Export as new Build Order

killercake Terran 

Build Orders:  

Get SALT Encoding   

  12  0:01  SCV  
  13  0:13  SCV  
  14  0:17  Supply Depot  
  14  0:23  Refinery  
  14  0:28  SCV  
  15  0:41  Barracks  
  15  0:45  SCV  
  16  0:52  Refinery  
  16  0:57  SCV  
  17  1:11  Barracks  
  17  1:15  SCV  
  18  1:27  Reaper  
  18  1:31  Supply Depot  
  19  1:35  SCV  
  20  1:55  Factory  
  20  1:56  SCV  
  20  1:59  Barracks Reactor  
  21  2:04  Reaper  
  22  2:09  SCV  
  23  2:21  Orbital Command  
  23  2:28  Supply Depot  
  23  2:35  Reaper  
  23  2:36  Reaper  
  25  2:42  Reaper  
  26  2:48  Hellion  
  28  3:07  Reaper  
  28  3:08  Reaper  
  28  3:09  Hellion  
  28  3:11  Supply Depot  
  28  3:12  SCV  
  33  3:14  Reaper  
  34  3:29  Starport  
  34  3:31  Hellion  
  36  3:39  Reaper  
  36  3:40  Reaper  
  38  3:46  Reaper  
  38  3:47  SCV  
  40  3:52  Hellion  
  42  4:00  SCV, Engineering Bay  
  43  4:05  Starport Tech Lab  
  43  4:15  Factory Tech Lab  
  43  4:22  Marine  
  43  4:23  Marine x2  
  46  4:25  Banshee  
  49  4:31  Cloaking Field  
  49  4:38  Missile Turret  
  49  4:40  Marine  
  49  5:15  Banshee  
  49  5:16  Marine x3  
  55  5:28  SCV  
  54  5:34  Marine  
  55  5:41  SCV  
  44  5:55  Marine x2  
  45  5:57  Siege Tank  
  45  6:01  Banshee, Barracks Tech Lab  
  51  6:04  SCV  
  51  6:09  Terran Infantry Weapons Level 1  
  52  6:13  Command Center  
  52  6:17  SCV, Barracks  
  53  6:19  Marine  
  54  6:37  Supply Depot  
  54  6:38  Marine  
  55  6:58  Marine  
  55  6:59  Marauder  
  58  7:17  Siege Tank, Marine x2  
  58  7:19  Marine  
  58  7:20  Marauder  
  63  7:35  Marine x2  
  62  7:45  Liberator  
  62  7:50  Marine x2  
  61  7:58  Marine x2  
  61  8:00  Siege Tank  
  61  8:04  SCV  
  70  8:07  Orbital Command  
  70  8:13  Terran Infantry Armor Level 1, Missile Turret  
  70  8:16  Barracks Reactor, SCV  
  70  8:17  Marine  
  72  8:29  Missile Turret  
  72  8:30  Refinery  
  72  8:32  SCV, Refinery  
  73  8:35  SCV, Missile Turret  
  73  8:37  Marine  
  73  8:40  Siege Tank  
  78  8:49  Supply Depot  
  78  8:53  Liberator  
  78  8:55  Supply Depot  
  78  8:59  Missile Turret  
  78  9:00  Missile Turret  
  78  9:10  Marine x2  
  78  9:11  SCV x2  
  85  9:17  Missile Turret  
  85  9:18  Missile Turret  
  85  9:22  Armory  
  85  9:23  SCV, Siege Tank  
  89  9:24  Marine  
  89  9:29  Combat Shields  
  90  9:35  SCV  
  90  9:37  Marine x2  
  90  9:38  Marine  
  94  10:04  Marine x3  
  97  10:24  Command Center  
  97  10:37  Liberator  
  85  11:19  Liberator  
  85  11:24  Marine  
  85  11:25  Marine x4  
  53  11:33  Terran Infantry Weapons Level 2  
  53  11:36  SCV  
  53  11:37  Planetary Fortress  
  57  11:41  Missile Turret  
  57  11:42  Marine x3  
  57  11:43  Marine x2  
  61  11:48  SCV  
  61  11:49  Siege Tank  
  65  12:00  SCV, Marine x3  
  69  12:02  Liberator  
  57  12:21  Siege Tank  
  59  12:28  Marine x3  
  62  12:32  Marauder, Marine  
  62  12:33  SCV  
  66  12:37  Refinery  
  66  12:38  SCV x2  
  66  12:39  Refinery  
  68  12:45  SCV  
  68  12:46  Marine x3  
  68  12:48  Starport  
  68  12:49  Marine  
  68  12:50  SCV  
  74  12:53  Siege Tank, Terran Ship Weapons Level 1  
  74  12:56  Marine  
  74  12:58  SCV  
  79  13:01  Stimpack  
  79  13:02  SCV  
  79  13:03  Marine x2  
  79  13:04  Marine  
  83  13:09  Starport  
  83  13:14  Raven, Marauder  
  83  13:18  Marine  
  88  13:21  Marine x2  
  88  13:22  Marine  
  88  13:25  Siege Tank  
  94  13:29  SCV  
  94  13:30  Starport Reactor  
  95  13:37  Marine  
  95  13:38  Marauder  
  95  13:39  Marine  
  99  13:48  Terran Infantry Armor Level 2  
  61  14:50  Marine x3  
  61  14:51  Marine x2  
  60  14:58  SCV  
  57  15:07  Liberator  
  57  15:10  SCV, Marine x2  
  60  15:23  SCV  
  64  15:29  Siege Tank  
  64  15:50  Liberator  
  64  15:55  Marine x3  
  64  15:56  Marauder, Marine  
  72  16:17  Marauder  
  63  16:32  Liberator  
  63  16:37  Marine x3  
  63  16:38  Marauder  
  68  16:41  SCV  
  68  16:43  Starport  
  68  16:44  SCV x2  
  71  16:53  SCV  
  75  16:56  SCV x2  
  75  16:58  Marine x2  
  75  16:59  Marine  
  80  17:02  Marine x2  
  80  17:05  Terran Infantry Weapons Level 3  
  80  17:07  Terran Ship Weapons Level 2  
  82  17:15  Liberator  
  82  17:16  Marine x2  
  82  17:20  Marauder, Marine x2  
  82  17:22  Starport Reactor  
  88  17:24  Starport  
  88  17:33  Siege Tank  
  88  17:34  Marine x2  
  96  17:38  Marine x2  
  96  17:42  Marauder  
  100  17:47  Liberator x2  
  100  17:49  SCV, Factory  
  101  17:52  Marine x2  
  101  17:56  Marine x2  
  105  18:03  Marauder  
  113  18:07  Starport Reactor  
  113  18:10  Supply Depot, SCV, Marine x2  
  116  18:14  Liberator, Marine  
  116  18:15  Supply Depot  
  117  18:32  Marauder  
  122  18:39  Marine x3  
  122  18:40  Missile Turret, Liberator x2  
  125  18:53  Marauder  
  127  18:56  Factory Reactor  
  127  19:01  Missile Turret  
  133  19:36  Fusion Core  
  133  19:42  Terran Infantry Armor Level 3  
  133  19:52  Liberator  
  133  19:54  Liberator  
  133  20:08  Siege Tank, Marine x3  
  132  20:19  Marine x2  
  134  20:25  SCV, Marine  
  136  20:40  Siege Tank  
  139  20:46  Marine x2  
  141  20:51  Command Center  
  141  21:01  Supply Depot x2  
  141  21:03  Supply Depot  
  141  21:05  Supply Depot, Liberator  
  141  21:18  Marine  
  141  21:19  Marine x2  
  141  21:21  Marauder  
  141  21:22  Siege Tank  
  96  21:42  Marine x2  
  96  21:43  Marine x2, Marauder  
  96  21:45  Liberator x2  
  85  21:54  Siege Tank  
  85  21:58  Supply Depot  
  85  22:00  Hellion x2, Marine x3  
  95  22:03  Marine  
  95  22:04  Marauder  
  103  22:21  Hellion x2  
  107  22:25  Marauder  
  107  22:26  Siege Tank  
  107  22:28  Liberator  
  112  22:35  Marine x2  
  109  22:47  Marauder  
  104  22:54  Marine x2  
  104  22:57  Marine  
  106  23:04  Marine  
  107  23:08  Marauder  
  109  23:29  Marauder  
  111  23:50  Command Center  
  111  23:51  Marauder  
  113  24:01  Marine x2  
  115  24:12  Marauder  
  92  24:34  Marauder  
  92  24:41  Marine x2  
  52  25:07  Marauder, Marine x3  
  57  25:16  Marine  
  58  25:25  Marine x2  
  60  25:29  Marauder  
  62  25:38  Marine x2  
  64  25:44  Marine x2  
  66  25:50  Marauder  
  56  26:11  Marauder  
  29  26:26  Marine x4  
  29  26:32  Marine  
  18  26:44  Marine  
Show
View Real Time Build Order
Export as new Build Order

Mandro Zerg - Winner!

Build Orders: Hatch First, Lurkers 

Get SALT Encoding   

  12  0:01  Drone  
  13  0:13  Drone  
  14  0:22  Overlord  
  14  0:31  Drone, Extractor x2  
  14  0:35  Drone  
  16  0:46  Drone  
  17  1:04  Extractor  
  16  1:06  Hatchery  
  15  1:16  Spawning Pool  
  14  1:19  Drone  
  14  1:23  Drone  
  16  1:28  Drone  
  17  1:50  Drone x2  
  19  2:03  Queen  
  19  2:07  Metabolic Boost  
  21  2:17  Zergling x2  
  21  2:19  Queen  
  23  2:34  Hatchery  
  22  2:43  Drone x2  
  24  3:06  Drone x4  
  24  3:07  Overlord  
  28  3:18  Overlord  
  28  3:25  Queen  
  30  3:27  Drone  
  30  3:28  Drone x3  
  30  3:34  Overlord  
  34  3:45  Drone x4  
  38  3:50  Queen  
  39  4:00  Roach Warren, Spine Crawler  
  37  4:07  Spine Crawler  
  36  4:12  Spine Crawler  
  35  4:22  Extractor  
  35  4:23  Zergling x10  
  35  4:24  Zergling x6  
  40  4:26  Drone x2  
  40  4:29  Drone  
  45  4:32  Drone  
  45  4:33  Drone  
  45  4:36  Drone  
  45  4:37  Drone  
  46  4:48  Zergling x8  
  43  5:04  Zergling x2  
  43  5:05  Zergling x12  
  41  5:17  Roach x3  
  41  5:19  Roach  
  49  5:35  Zergling x4  
  49  5:36  Zergling x10  
  53  5:48  Drone x4  
  51  5:59  Drone  
  51  6:00  Drone x4  
  56  6:21  Spore Crawler  
  56  6:24  Spore Crawler  
  54  6:28  Spore Crawler x2  
  54  6:29  Spore Crawler  
  54  6:31  Spore Crawler  
  48  6:35  Spore Crawler x2  
  48  6:37  Spore Crawler  
  45  6:40  Spore Crawler  
  45  6:43  Queen  
  42  6:56  Drone x2  
  42  6:57  Drone x9  
  51  7:07  Drone x3  
  51  7:08  Drone x2  
  56  7:17  Drone x2  
  55  7:39  Roach Warren, Overlord x2  
  55  7:40  Overlord  
  55  7:42  Zergling x2  
  55  7:43  Zergling x6  
  58  7:45  Extractor  
  58  7:46  Extractor  
  56  8:05  Lair  
  56  8:11  Extractor  
  55  8:19  Drone  
  56  8:20  Drone x10  
  56  8:22  Extractor  
  65  8:33  Spine Crawler x2  
  63  8:39  Overlord, Roach  
  63  8:40  Overlord x2  
  65  8:42  Roach x4  
  73  8:54  Drone x4  
  73  8:55  Drone x3  
  80  9:05  Roach x3  
  80  9:08  Glial Reconstitution  
  86  9:32  Hydralisk Den  
  86  9:35  Drone x6  
  86  9:36  Drone x5  
  96  9:42  Roach x2  
  96  9:43  Roach x2  
  104  9:56  Overlord  
  104  9:57  Overlord x2  
  102  10:02  Spine Crawler  
  102  10:05  Spine Crawler x2  
  99  10:07  Ravager x3, Spine Crawler  
  99  10:08  Ravager x4  
  105  10:15  Hydralisk x2  
  105  10:16  Hydralisk x2  
  105  10:17  Zergling x2  
  105  10:18  Zergling x14  
  121  10:23  Overlord x2  
  112  10:51  Hydralisk x4, Roach  
  112  10:52  Hydralisk x2, Roach x5  
  136  10:59  Extractor  
  135  11:10  Lurker Den  
  135  11:16  Zergling x2  
  135  11:17  Zergling x12  
  135  11:18  Zergling x2  
  105  11:32  Zergling x8  
  97  11:33  Zergling x4  
  99  11:53  Evolution Chamber  
  99  11:54  Evolution Chamber  
  96  12:07  Hatchery  
  72  12:21  Hydralisk  
  72  12:22  Hydralisk x6, Roach x3  
  84  12:23  Hydralisk x2, Roach x6  
  84  12:24  Roach  
  108  12:36  Zerg Missile Weapons Level 1  
  108  12:37  Zerg Ground Armor Level 1  
  108  12:44  Infestation Pit  
  108  12:46  Burrow  
  108  12:51  Lurker x3  
  109  12:53  Lurker  
  109  12:55  Zergling x14  
  109  12:56  Zergling x4  
  109  12:58  Hatchery  
  119  13:14  Zergling x2  
  119  13:15  Zergling x18  
  129  13:36  Hydralisk x2  
  129  13:37  Hydralisk, Roach x4  
  129  13:38  Overlord x2  
  81  14:21  Hydralisk x3  
  81  14:22  Hydralisk x5, Roach x5  
  81  14:23  Roach x3  
  108  14:39  Drone  
  108  14:40  Drone x10  
  119  14:49  Hydralisk  
  119  14:50  Roach x2  
  123  15:12  Roach x7  
  123  15:18  Drone  
  123  15:19  Drone x15  
  116  15:54  Roach  
  116  15:55  Roach x12  
  140  16:08  Ravager  
  140  16:09  Ravager x2  
  135  16:12  Zergling x2  
  135  16:13  Zergling x12  
  114  16:45  Queen  
  116  16:51  Hive, Zerg Missile Weapons Level 2  
  116  16:52  Zerg Ground Armor Level 2  
  116  16:53  Hydralisk x2, Roach x2  
  124  17:02  Hydralisk x2  
  124  17:03  Roach  
  130  17:09  Extractor x2  
  130  17:13  Hydralisk x2, Roach  
  130  17:14  Roach  
  131  17:32  Spore Crawler  
  131  17:33  Spore Crawler, Hydralisk x2  
  131  17:34  Hydralisk x2, Roach x2  
  131  17:35  Roach x2  
  145  17:41  Pathogen Glands  
  145  17:45  Spore Crawler  
  145  17:46  Spore Crawler  
  143  17:54  Lurker x4  
  143  17:56  Ravager  
  143  17:57  Ravager x12  
  160  18:07  Extractor x2  
  160  18:10  Overlord x2  
  160  18:11  Overlord x2  
  158  18:26  Zergling x2  
  163  18:27  Zergling x10  
  164  18:35  Hatchery  
  163  18:44  Infestor x5  
  163  18:45  Infestor  
  175  19:18  Infestor x4  
  175  19:19  Roach  
  175  19:20  Roach x3  
  191  19:26  Hatchery  
  190  19:44  Muscular Augments  
  190  19:59  Hydralisk x2, Roach  
  198  20:00  Roach x2  
  161  20:23  Ultralisk Cavern  
  161  20:24  Zerg Missile Weapons Level 3  
  161  20:25  Zerg Ground Armor Level 3  
  160  20:51  Adrenal Glands  
  160  20:56  Overseer x2  
  160  20:57  Pneumatized Carapace, Overseer  
  96  21:51  Ultralisk x2  
  96  21:52  Ultralisk x7  
  150  22:15  Zergling x2  
  150  22:16  Zergling x20  
  161  22:24  Drone x4  
  165  22:33  Zergling x4  
  144  22:52  Infestor x2  
  144  22:53  Infestor x4  
  156  23:01  Zerg Melee Weapons Level 1  
  156  23:03  Chitinous Plating  
  148  23:41  Zergling x14  
  149  23:42  Zergling x10  
  160  23:52  Roach  
  160  23:53  Roach x7  
  176  24:02  Infestor x4  
  145  24:33  Hydralisk x2  
  145  24:34  Hydralisk x4, Roach x4  
  145  24:35  Roach x3  
  95  25:35  Hydralisk  
  95  25:36  Hydralisk x5, Roach x2  
  95  25:37  Hydralisk x5, Roach x6  
  95  25:38  Hydralisk x2, Roach x5  
  95  25:40  Ravager x3  
  126  26:42  Spire  
  126  26:44  Drone  
  126  26:45  Drone x20  
  146  26:49  Extractor  
  146  26:51  Extractor  
Tags
 
Add a new tag
Caveats
  • Supply blocks, unpowered buildings, or Contaminate may cause inaccurate times.
  • Supply counts are checked every 10 seconds.